 Dungeon Crawl Stone Soup version 0.19-a0-659-g8260ecf (webtiles) character file.

53 AlphabetPasta the Scratcher (level 3, -2/18 HPs)
             Began as a Felid Chaos Knight on June 15, 2016.
             Slain by a worm (9 damage)
             ... on level 2 of the Dungeon.
             The game lasted 00:05:28 (1857 turns).

AlphabetPasta the Scratcher (Felid Chaos Knight)    Turns: 1857, Time: 00:05:28

Health: -2/18      AC:  1    Str:  9    XL:     3   Next: 64%
Magic:  4/4        EV: 18    Int: 13    God:    Xom [....*.]
Gold:   113        SH:  0    Dex: 15    Spells: 0 memorised, 2 levels left
                                        Lives:  0   Deaths: 0

rFire  . . .     SeeInvis +       - Unarmed
rCold  . . .     Gourm    .     (armour unavailable)
rNeg   . . .     Faith    .     (shield unavailable)
rPois  +         Spirit   .     (helmet unavailable)
rElec  .         Dismiss  .     (cloak unavailable)
rCorr  .         Reflect  .     (gloves unavailable)
SustAt .         Harm     .     (boots unavailable)
MR     .....                    (no amulet)
Stlth  +++.......               (no ring)
                                (no ring)

@: quick, not resistant to hostile enchantments, fairly stealthy
A: no armour, no weapons or thrown items, claws 1, fangs 3, see invisible,
carnivore 3, deterioration 1, speed 1, sense surroundings 1, poison resistance,
robust 1, shaggy fur 1, slow metabolism 1, sharp paws
a: Renounce Religion


You were on level 2 of the Dungeon.
You worshipped Xom.
You were a beloved toy of Xom.
You were very full.

You visited 1 branch of the dungeon, and saw 2 of its levels.

You collected 113 gold pieces.

Inventory:

Jewellery
 n - an uncursed ring of ice {unknown}
Scrolls
 c - a scroll of remove curse {unknown}
 e - 2 scrolls of random uselessness {unknown}
 f - a scroll of teleportation {unknown}
 j - a scroll of fear {unknown}
 l - a scroll of identify {unknown}
Potions
 b - a potion of agility {unknown}
 d - a potion of resistance {unknown}
 g - 2 potions of curing {unknown}
 h - a potion of flight {unknown}
 i - a potion of heal wounds {unknown}
 k - 2 potions of brilliance {unknown}
Comestibles
 a - a meat ration
 m - a slice of pizza


   Skills:
 + Level 3.4 Fighting
 + Level 3.5 Dodging
 + Level 2.2 Stealth
 * Level 3.7 Unarmed Combat


You had 2 spell levels left.
You didn't know any spells.

Dungeon Overview and Level Annotations

Branches:
Dungeon (2/15)

Altars:


Innate Abilities, Weirdness & Mutations

You cannot wear armour.
You are incapable of wielding weapons or throwing items.
You have sharp claws.
You have razor-sharp teeth.
You have supernaturally acute eyesight. (SInv)
You are carnivorous and can eat meat at any time.
You cover ground quickly.
You are covered in fur. (AC +1)
You have a slow metabolism.
Your sharp claws are effective at attacking unaware monsters.
Your body sometimes deteriorates upon taking damage.
You passively map a small area around you.
Your system is resistant to poisons. (rPois)
You are robust. (+10% HP)


Message History

There is an open door here.
A worm comes into view.
You barely miss the worm. The worm barely misses you.
You scratch the worm.
The worm is moderately wounded.
You claw the worm!
The worm is heavily wounded.
The worm bites you!
Ouch! That really hurt!
You barely miss the worm.
The worm is heavily wounded.
You claw the worm!
The worm is almost dead.
The worm closely misses you.
You barely miss the worm.
The worm is almost dead.
The worm bites you!
Ouch! That really hurt!
You die... "What!?
That's it?"

#.....#..#'###########
# ########.#.# #
##...######### #
#............# #
#...>........#
#............#
#............#
#............#
#....@.......#
#..(w........#
#....(.......#
#..[.........#
#............#
#............#
#............#
#............


You could see a worm.

Vanquished Creatures
  An adder (D:2)
  2 dart slugs
  A giant gecko (D:1)
  3 bats
  2 giant cockroaches
  6 hobgoblins
  5 kobolds
  5 giant newts
  7 goblins
  6 rats
38 creatures vanquished.

Notes
Turn   | Place    | Note
--------------------------------------------------------------
     0 | D:1      | AlphabetPasta the Felid Chaos Knight began the quest for the Orb.
     0 | D:1      | Reached XP level 1. HP: 10/10 MP: 2/2
     4 | D:1      | XOM: harmless Tloc miscast
   110 | D:1      | XOM: divination: detect creatures
   162 | D:1      | XOM: silly message
   167 | D:1      | Reached skill level 1 in Stealth
   206 | D:1      | Reached XP level 2. HP: 11/14 MP: 3/3
   749 | D:1      | XOM: give mutations
   749 | D:1      | Gained mutation: You are robust. (+10% HP) [Xom's mischief]
   749 | D:1      | Gained mutation: Your body sometimes deteriorates upon taking damage. [Xom's mischief]
   749 | D:1      | Gained mutation: Your muscles are strong. (Str +2) [Xom's mischief]
   774 | D:1      | Reached XP level 3. HP: 10/18 MP: 4/4
  1494 | D:2      | XOM: medium Ice miscast
  1727 | D:2      | XOM is BORED!
  1727 | D:2      | XOM: medium Necr miscast
  1728 | D:2      | Noticed a shadow
  1728 | D:2      | Noticed a shadow
  1785 | D:2      | XOM: give mutations
  1785 | D:2      | Lost mutation: Your muscles are strong. (Str +2) [Xom's mischief]
  1785 | D:2      | Gained mutation: Your system is resistant to poisons. (rPois) [Xom's mischief]
  1785 | D:2      | Gained mutation: You passively map a small area around you. [Xom's mischief]
  1857 | D:2      | Slain by a worm

Vault maps used:
D:1:      elethiomel_arrival_maze, st_stairs_12, minivault_26

Skill      XL: |  1  2  3 |
---------------+----------+-----
Stealth        | 1 2 |  2.2
Fighting       | |  3.4
Dodging        | |  3.5
Unarmed Combat | |  3.7

Action                   || total
-------------------------++-------
Melee: Unarmed           ||    92
       Punch             ||     3
       Bite              ||     3
 Stab: Sleeping          ||     4
  Eat: Chunk             ||     8
Armor: Skin              ||     5
Dodge: Dodged            ||    51
